 Dungeon Crawl Stone Soup version 0.29.1-15-g9cfb28693d (webtiles) character file.

Game seed: 3190442952625851862

60 leafyfresh the Covert (level 4, -7/31 HPs)
             Began as an Octopode Delver on Feb 24, 2023.
             Splashed by a jelly's acid (8 damage)
             ... on level 5 of the Dungeon.
             The game lasted 00:00:38 (354 turns).

leafyfresh the Covert (Octopode Delver)              Turns: 354, Time: 00:00:39

Health: -7/31      AC: -3    Str: 11    XL:     4   Next: 6%
Magic:  4/4        EV: 13    Int: 14    God:
Gold:   0          SH:  0    Dex: 13    Spells: 3/3 levels left

rFire   . . .      SeeInvis .   a - +0 short sword
rCold   . . .      Faith    .   (no shield)
rNeg    . . .      Spirit   .   (helmet restricted)
rPois   .          Reflect  .   (no amulet)
rElec   .          Harm     .   (no ring)
rCorr   .          Rampage  .   (no ring)
Will    .....                   (no ring)
Stlth   +++++.....              (no ring)
HPRegen 0.10/turn               (no ring)
MPRegen 0.09/turn               (no ring)
                                (no ring)
                                (no ring)

@: corroded
A: almost no armour, amphibious, 8 rings, camouflage 1, gelatinous body 1,
(nimble swimmer 1), tentacles
a: no special abilities


You were on level 5 of the Dungeon.
You visited 1 branch of the dungeon, and saw 1 of its levels.

Inventory:

Hand Weapons
 a - a +0 short sword (weapon)
Wands
 f - a wand of digging (3)
Scrolls
 b - a scroll of fog
 c - a scroll of magic mapping
 d - a scroll of fear
Potions
 e - a potion of haste


   Skills:
 - Level 3.0 Fighting
 - Level 2.0 Short Blades
 - Level 2.0 Dodging
 + Level 8.6 Stealth


You had 3 spell levels left.
You didn't know any spells.
Your spell library was empty.

Dungeon Overview and Level Annotations

Branches:
Dungeon (5/15)
 Temple: D:4-7

Altars:


Innate Abilities, Weirdness & Mutations

You cannot wear most types of armour.
You are amphibious.
You can wear up to eight rings at the same time.
Your skin changes colour to match your surroundings (Stealth+).
Your rubbery body absorbs attacks. (AC +1, EV +1)
((You are camouflaged when in or above water. (Stealth+)))
You have tentacles for arms and can constrict up to eight enemies at once.


Message History

A jelly comes into view.
The jelly quivers.
You hit the quokka. Your grab misses the quokka.
The quokka is lightly wounded.
The quokka closely misses you.
There are monsters nearby!
You hit the quokka but do no damage. You grab the quokka.
The quokka is lightly wounded.
You constrict the quokka. The quokka bites you.
A quokka is nearby!
You hit the quokka but do no damage. You squeeze the quokka.
The quokka is severely wounded.
You constrict the quokka.
You kill the quokka!
A jelly is nearby!
Unknown command.
You hit the jelly.
Your tentacles burn!
You squeeze the jelly.
The jelly is lightly wounded.
The jelly misses you.
You hit the jelly.
Your tentacles burn!
You squeeze the jelly!
The jelly is heavily wounded.
The jelly hits you.
You are splashed with acid!
* * * LOW HITPOINT WARNING * * *
You are too injured to fight recklessly!
You are too injured to fight recklessly!
You are too injured to fight recklessly!
You are too injured to fight recklessly!
Unknown command.
You hit the jelly.
Your tentacles burn!
* * * LOW HITPOINT WARNING * * *
The jelly is severely wounded.
The jelly barely misses you.
You hit the jelly.
Your tentacles burn!
* * * LOW HITPOINT WARNING * * *
You squeeze the jelly.
The jelly is almost dead.
The jelly hits you.
* * * LOW HITPOINT WARNING * * *
The acid corrodes you!
You are splashed with acid!
You die...

######## ####... ..#
.!....###.#
####.......#####
#..............#
..##.#.....##.###.#
..............# #.#
..##.#†@...#### #†#
...........J....# #.#
.....###.#.###..## #.#
.................####.##
............###........#
.....##....# #...######
.###..##....###...#
....!....÷........#
......#$.##.###.#.#


You could see a jelly.

Vanquished Creatures
  A scorpion (D:5)
  2 quokkas (D:5)
3 creatures vanquished.

Notes
Turn   | Place    | Note
-------+----------+-------------------------------------------
     0 | D:5      | leafyfresh the Octopode Delver began the quest for the Orb.
     0 | D:5      | Reached XP level 1. HP: 16/16 MP: 1/1
    21 | D:5      | Noticed a scorpion
    22 | D:5      | Noticed a jelly
    93 | D:5      | Noticed a necrophage
   129 | D:5      | Killed a scorpion
   130 | D:5      | Reached skill level 8 in Stealth
   130 | D:5      | Reached XP level 2. HP: 7/21 MP: 2/2
   130 | D:5      | Reached XP level 3. HP: 8/26 MP: 3/3
   130 | D:5      | Reached XP level 4. HP: 10/31 MP: 4/4
   354 | D:5      | HP: 1/31 [jelly (1)]
   354 | D:5      | Splashed by a jelly's acid

Illustrated notes

Levels and vault maps discovered:
D:5:      layout_basic, kennysheep_mini, hex_tiny

Skill      XL: |  1 |
---------------+----+-----
Stealth        | 8 |  8.6
Fighting       | |  3.0
Short Blades   | |  2.0
Dodging        | |  2.0

Action                   |  1- 3 |  4- 6 || total
-------------------------+-------+-------++-------
Melee: Short sword       |     7 |     7 ||    14
       Tentacles         |     2 |     4 ||     6
       Constrict         |     2 |     1 ||     3
Dodge: Dodged            |     3 |     5 ||     8
